 Dungeon Crawl Stone Soup version 0.28-a0-268-g3f656e82c2 (webtiles) character file.

Game seed: 8208260050880488372

4757 theanonym the Basher (level 10, -1/80 HPs)
             Began as a Mummy Delver on Aug 28, 2021.
             Slain by a cyan ugly thing (14 damage)
             ... on level 8 of the Dungeon.
             The game lasted 00:15:24 (11769 turns).

theanonym the Basher (Mummy Delver)                Turns: 11769, Time: 00:15:24

Health: -1/80      AC: 13    Str: 18    XL:     10   Next: 23%
Magic:  10/10      EV:  6    Int: 11    God:
Gold:   362        SH:  5    Dex: 13    Spells: 9/9 levels left

rFire   . . .      SeeInvis .   a - +2 whip (venom)
rCold   + . .      Faith    .   i - +0 buckler
rNeg    + + +      Spirit   .   h - +0 plate armour
rPois   ∞          Reflect  .   (no helmet)
rElec   .          Harm     .   m - +0 cloak
rCorr   .          Rampage  .   (no gloves)
Will    +....                   (no boots)
Stlth   ..........              (no amulet)
HPRegen 0.23/turn               g - +4 ring of slaying
MPRegen 0.12/turn               p - ring of protection from fire

@: no status effects
A: cold resistance 1, negative energy resistance 3, torment resistance 2, heat
vulnerability 1, no potions
a: no special abilities


Innate Abilities, Weirdness & Mutations

You are immune to poison.
Your flesh is cold resistant. (rC+)
You are immune to negative energy. (rN+++)
You are immune to unholy pain and torment.
You are vulnerable to heat. (rF-)
You do not drink.


   Skills:
 + Level 8.1 Fighting
 * Level 9.1 Maces & Flails
 + Level 4.4 Armour
 - Level 1.5 Dodging
 - Level 4.1 Stealth
 - Level 4.0 Shields


You had 9 spell levels left.
You didn't know any spells.
Your spell library contained the following spells:

 Spells                   Type           Power      Damage    Failure   Level
 Foxfire                  Conj/Fire      0%         2x1d4     100%        1
 Conjure Flame            Conj/Fire      0%         6-21      100%        3
 Ignite Poison            Fire/Tmut/Pois 0%         N/A       100%        3
 Inner Flame              Hex/Fire       0%         N/A       100%        3
 Stone Arrow              Conj/Erth      0%         3d7       100%        3
 Animate Armour           Summ/Erth      0%         N/A       100%        4
 Sticky Flame             Conj/Fire      0%         2d3       100%        4
 Summon Hydra             Summ           0%         N/A       100%        7
 Lehudib's Crystal Spear  Conj/Erth      0%         10d2      100%        8
 Sublimation of Blood     Necr           Unusable   N/A       N/A         2
 Wereblood                Tmut           Unusable   N/A       N/A         2

Skill      XL: |  1  2  3  4  5  6  7  8  9 10 |
---------------+-------------------------------+-----
Maces & Flails | 2 3 4 5 7 8 9 |  9.1
Armour         | 1 2 4 |  4.4
Fighting       | 4 5 6 7 8 |  8.1
Shields        | 1 2 3 4 |  4.0
Dodging        | |  1.5
Stealth        | |  4.1

Action                   |  1- 3 |  4- 6 |  7- 9 | 10-12 || total
-------------------------+-------+-------+-------+-------++-------
Melee: Mace              |    54 |    71 |    88 |       ||   213
       Whip              |       |    92 |   264 |   122 ||   478
Evoke: Wand              |       |     2 |    10 |     1 ||    13
  Use: Scroll            |       |     3 |     4 |       ||     7
 Stab: Sleeping          |     3 |     7 |     2 |       ||    12
       Distracted        |       |       |     1 |       ||     1
Armor: Leather armour    |     8 |       |       |       ||     8
       Ring mail         |    10 |    34 |    80 |       ||   124
       Chain mail        |       |       |    14 |       ||    14
       Plate armour      |       |       |     1 |    33 ||    34
Dodge: Dodged            |    50 |    75 |   158 |    21 ||   304
Block: Buckler           |       |    12 |    60 |    13 ||    85

Inventory:

Hand Weapons
 a - a +2 whip of venom (weapon)
 b - a +0 mace
Armour
 h - a +0 plate armour (worn)
 i - a +0 buckler (worn)
 m - a +0 cloak (worn)
Jewellery
 g - a +4 ring of slaying (left hand)
 j - a ring of flight
 p - a ring of protection from fire (right hand)
Wands
 c - a wand of digging (3)
 k - a wand of polymorph (5)
 o - a wand of iceblast (8)
 v - a wand of acid (3)
Scrolls
 d - 2 scrolls of silence
 e - 5 scrolls of fear
 f - 4 scrolls of fog
 l - a scroll of noise
 n - a scroll of amnesia
 q - a scroll of summoning
 r - a scroll of identify
 t - a scroll of teleportation
 y - 3 scrolls of magic mapping
 B - a scroll of blinking


You were on level 8 of the Dungeon.
You visited 2 branches of the dungeon, and saw 9 of its levels.

You collected 410 gold pieces.
You spent 48 gold pieces at shops.

Dungeon Overview and Level Annotations

Branches:
Dungeon (8/15)             Temple (1/1) D:5
   Lair: D:8-11

Altars:
Ashenzari
Cheibriados
Dithmenos
Elyvilon
Fedhas
Hepliaklqana
Kikubaaqudgha
Makhleb
Nemelex Xobeh
Okawaru
Ru
Sif Muna
Trog
Uskayaw
Vehumet
Wu Jian
Xom
Zin
The Shining One

Shops:
D:4 [*=?*

Annotations:
D:7 2 transporters, theanonym's ghost, novice OpBr

#.# #...#.# ##.##
##.........## ##.#
#.....# #.## ##..##...##
...# #..##.# ##.##
.####...# # ...# #..##.#
##.## .# #...### ##.#
#..##.# ##.# #...#.. #.#
#.##### ###### #......
#.# ##... ##...##
#..##..
##)#####.....#####.....#
#..#...
.......#.....ohu@..(...#
#......
.......#.....#####.....#
##.#.#. #########...
##...## #...... # ##.
##.## ##.#.#. # # #.####
##..). # #.'..# ##.#.
###### #.##.## #.#.
.....# ##.##..#####.#.
####.# .
##)..##.).......


You could see a cyan ugly thing (extremely poisoned, corroded), an orc warrior
(corroded) and a howler monkey (corroded).

Notes
Turn   | Place    | Note
-------+----------+-------------------------------------------
     0 | D:5      | theanonym the Mummy Delver began the quest for the Orb.
     0 | D:5      | Reached XP level 1. HP: 18/18 MP: 1/1
    12 | D:5      | Noticed a hound
    19 | D:5      | HP: 6/18 [hound (4)]
    24 | D:5      | HP: 4/18 [hound (2)]
    25 | D:5      | Killed a hound
    26 | D:5      | Reached skill level 2 in Maces & Flails
    26 | D:5      | Reached XP level 2. HP: 6/24 MP: 2/2
    26 | D:5      | Reached XP level 3. HP: 7/29 MP: 3/3
   299 | D:4      | Found Jaluph's Assorted Antiques.
   422 | D:3      | Reached skill level 1 in Armour
  1033 | D:2      | Reached XP level 4. HP: 35/35 MP: 4/4
  1147 | D:2      | Noticed Jessica
  1837 | D:1      | Found a faded altar of an unknown god.
  2206 | D:2      | Reached skill level 3 in Maces & Flails
  2222 | D:2      | Killed Jessica
  2223 | D:2      | Reached XP level 5. HP: 40/42 MP: 5/5
  2479 | D:3      | Found a sacrificial altar of Ru.
  2504 | D:3      | Reached skill level 4 in Fighting
  2504 | D:3      | Reached skill level 1 in Shields
  2556 | D:3      | Noticed Sigmund
  2565 | D:3      | Noticed Sigmund
  2565 | D:3      | Sigmund changed into Sigmund the endoplasm
  2568 | D:3      | Killed Sigmund the endoplasm
  3131 | D:3      | Found a runed translucent door.
  3132 | D:3      | Noticed Crazy Yiuf
  3139 | D:3      | Killed Crazy Yiuf
  3254 | D:4      | Reached XP level 6. HP: 48/48 MP: 6/6
  3365 | D:4      | Noticed Natasha
  3366 | D:4      | Found Lubafru's Magic Scroll Boutique.
  3422 | D:4      | Killed Natasha
  3423 | D:4      | Reached skill level 4 in Maces & Flails
  3635 | D:4      | Noticed Natasha
  3639 | D:4      | Killed Natasha
  3720 | D:4      | Found Cuuqyfu's Armour Shop.
  3752 | D:4      | Found an iron altar of Okawaru.
  3770 | D:4      | Found Weth's General Store.
  3781 | D:4      | Bought a scroll of identify for 24 gold pieces
  3781 | D:4      | Bought a scroll of identify for 24 gold pieces
  3884 | D:4      | HP: 23/49 [kobold (2)]
  3886 | D:4      | Reached skill level 2 in Shields
  4272 | D:4      | Noticed Natasha
  4285 | D:4      | Killed Natasha
  4286 | D:4      | Reached XP level 7. HP: 44/55 MP: 7/7
  4516 | D:4      | Found Tapym's Jewellery Shop.
  4828 | D:5      | Reached skill level 5 in Fighting
  4828 | D:5      | Reached skill level 5 in Maces & Flails
  4907 | D:5      | Found a staircase to the Ecumenical Temple.
  4913 | Temple   | Entered the Ecumenical Temple
  5098 | D:5      | HP: 28/56 [orc (2)]
  5106 | D:5      | HP: 11/56 [orc wizard/puff of flame (16)]
  5578 | D:5      | Reached skill level 3 in Shields
  5922 | D:6      | Noticed Menkaure
  6024 | D:6      | Found a snail-covered altar of Cheibriados.
  6026 | D:6      | Noticed Blork the orc
  6027 | D:6      | Noticed Blork
  6027 | D:6      | Blork the orc changed into Blork the swamp drake
  6039 | D:6      | Killed Blork the swamp drake
  6040 | D:6      | Reached XP level 8. HP: 49/63 MP: 8/8
  6172 | D:6      | Found a shimmering altar of Xom.
  6173 | D:6      | Found a hazy altar of Hepliaklqana.
  6174 | D:6      | Noticed a spectral ugly thing
  6417 | D:6      | Reached skill level 6 in Maces & Flails
  6723 | D:6      | HP: 32/64 [acid (4)]
  7030 | D:6      | Killed Menkaure
  7059 | D:6      | Reached skill level 6 in Fighting
  7169 | D:6      | Found a bloodstained altar of Trog.
  7510 | D:7      | Reached skill level 4 in Shields
  7674 | D:6      | Reached skill level 7 in Maces & Flails
  7674 | D:6      | Reached skill level 2 in Armour
  7678 | D:6      | HP: 30/65 [killer bee (4)]
  7852 | D:7      | Noticed Maggie
  8183 | D:7      | Reached XP level 9. HP: 69/71 MP: 9/9
  8436 | D:7      | Noticed Pikel
  8477 | D:7      | Killed Pikel
  8478 | D:7      | Reached skill level 7 in Fighting
  8478 | D:7      | Reached skill level 3 in Armour
  8621 | D:7      | Noticed theanonym's ghost (novice OpBr)
  8624 | D:7      | Found a transporter.
  8624 | D:7      | Found a transporter.
  8629 | D:7      | HP: 33/72 [wight (7)]
  8635 | D:7      | HP: 21/72 [wight (8)]
  8760 | D:7      | Noticed Maggie
  8760 | D:7      | Maggie changed into Maggie the naga
  8765 | D:7      | HP: 36/72 [Maggie the naga (14)]
  8947 | D:7      | HP: 32/72 [ogre (21)]
  8950 | D:7      | Reached skill level 8 in Maces & Flails
  9718 | D:7      | Killed Maggie the naga
 10181 | D:8      | HP: 35/73 [gnoll (3)]
 10468 | D:8      | HP: 29/74 [steam dragon/ball of steam (9)]
 10476 | D:8      | Reached skill level 4 in Armour
 10830 | D:8      | Reached XP level 10. HP: 80/80 MP: 10/10
 10994 | D:8      | HP: 33/80 [acid dragon/splash of acid (26)]
 10996 | D:8      | Reached skill level 8 in Fighting
 11298 | D:8      | Reached skill level 9 in Maces & Flails
 11751 | D:8      | Noticed a cyan ugly thing
 11768 | D:8      | HP: 37/80 [cyan ugly thing (6)]
 11769 | D:8      | HP: 13/80 [cyan ugly thing (9)]
 11769 | D:8      | Slain by a cyan ugly thing

Vanquished Creatures
  Pikel (D:7)
  A wyvern (D:8)
  3 steam dragons
  Menkaure (D:6)
  A naga (D:7)
  An acid dragon (D:8)
  A water moccasin (D:8)
  A swamp drake (D:6)
  2 orc warriors (D:8)
  2 sky beasts
  A necrophage (D:7)
  An ice beast (D:7)
  2 ogres
  3 black bears
  A centaur (D:8)
  2 kobold brigands
  2 bullfrogs
  A gnoll sergeant (D:8)
  2 scorpions (D:7)
  A wyvern skeleton (D:7)
  4 killer bees
  4 wights (D:7)
  A howler monkey (D:7)
  A centaur zombie (D:7)
  2 hounds
  10 orc priests
  Crazy Yiuf (D:3)
  5 jellies
  Jessica (D:2)
  2 bullfrog skeletons (D:5)
  4 iguanas
  Natasha (thrice) (D:4)
  7 orc wizards
  A killer bee zombie (D:5)
  A hound skeleton (D:4)
  A howler monkey zombie (D:5)
  5 gnolls
  8 adders
  2 shadow imps
  5 worms
  3 dart slugs
  26 orcs
  6 bats
  7 endoplasms
  2 giant cockroaches
  3 goblins
  8 hobgoblins
  7 jackals
  A quokka (D:2)
  4 ball pythons
  17 kobolds
  3 rats
185 creatures vanquished.

Vanquished Creatures (others)
  2 fungi (D:3)
2 creatures vanquished.

Grand Total: 187 creatures vanquished

Table legend: (Time is in decaauts)
 A = Elapsed time spent in this place.
 B = Non-inter-level travel time spent in this place.
 C = Inter-level travel time spent in this place.
 D = Time resting spent in this place.
 E = Time spent auto-exploring this place.
 F = Levels seen in this place.
 G = Mean time per level.
                   A        B        C        D        E       F      G
               +--------+--------+--------+--------+--------+-----+--------+
         Total |  11701 |  11182 |    519 |   4327 |   5292 |   9 | 1300.1 |
       Dungeon |  11604 |  11091 |    513 |   4327 |   5219 |   8 | 1450.5 |
        Temple |     96 |     90 |      6 |      0 |     73 |   1 |   96.0 |
               +--------+--------+--------+--------+--------+-----+--------+

Top non-repeatable levels by time:
     D:7: 2529 daAuts
     D:6: 1907 daAuts
     D:5: 1554 daAuts
     D:4: 1376 daAuts
     D:8: 1285 daAuts
     D:2: 1185 daAuts
     D:3: 1113 daAuts
     D:1: 651 daAuts
  Temple: 96 daAuts
